 Dungeon Crawl Stone Soup version 0.21.1-1-g345015f (webtiles) character file.

1944 inc the Destroyer (level 9, -2/51 HPs)
             Began as an Octopode Ice Elementalist on June 17, 2018.
             Was an Initiate of Vehumet.
             Slain by a wyvern skeleton (15 damage)
             ... on level 6 of the Dungeon.
             The game lasted 00:13:40 (6876 turns).

inc the Destroyer (Octopode Ice Elementalist)       Turns: 6876, Time: 00:13:41

Health: -2/51      AC:  1    Str:  8    XL:     9   Next: 18%
Magic:  12/12      EV: 13    Int: 20    God:    Vehumet [......]
Gold:   132        SH:  0    Dex: 12    Spells: 2/12 levels left

rFire    . . .     SeeInvis +   l - +2 spear (freeze)
rCold    + . .     Gourm    .   (no shield)
rNeg     . . .     Faith    .   (helmet restricted)
rPois    .         Spirit   .   (no amulet)
rElec    .         Reflect  .   p - ring of see invisible
rCorr    .         Harm     .   q - ring of protection from fire
MR       .....                  j - ring of flight
Stlth    +++.......             r - ring of ice
HPRegen  0.17/turn              (no ring)
MPRegen  0.13/turn              (no ring)
                                (no ring)
                                (no ring)

@: no status effects
A: almost no armour, stealthy swim, amphibious, 8 rings, constrict 8, camouflage
1, gelatinous body 1
a: Renounce Religion, Evoke Flight


You were on level 6 of the Dungeon.
You worshipped Vehumet.
Vehumet was noncommittal.
You were not hungry.

You visited 2 branches of the dungeon, and saw 7 of its levels.

You collected 364 gold pieces.
You spent 232 gold pieces at shops.

Inventory:

Hand Weapons
 c - a +0 short sword
 l - a +2 spear of freezing (weapon)
 o - a +2 short sword of holy wrath
Armour
 y - a +0 shield
Jewellery
 j - a ring of flight (on tentacle)
 p - a ring of see invisible (left tentacle)
 q - a ring of protection from fire (right tentacle)
 r - a ring of ice (on tentacle)
Scrolls
 d - a scroll of fear
 e - a scroll of amnesia {unknown}
 f - 3 scrolls of remove curse
 g - a scroll of fog {unknown}
 i - 4 scrolls of enchant weapon
 s - a scroll of noise {unknown}
 t - 2 scrolls of blinking
 w - 2 scrolls of teleportation
Potions
 h - a potion of curing
 m - a potion of magic
 n - a potion of lignification
 v - 2 potions of invisibility
 x - a potion of berserk rage
 z - a potion of resistance
 A - a potion of haste
 B - a potion of cancellation
 C - a potion of mutation
Books
 a - a book of Frost

   Spells                             Type                      Level
   a - Freeze                         Ice                          1
   b - Throw Frost                    Conjuration/Ice              2
   c - Ozocubu's Armour               Charms/Ice                   3
   d - Throw Icicle                   Conjuration/Ice              4
   e - Summon Ice Beast               Ice/Summoning                4
 u - a book of Misfortune

   Spells                             Type                      Level
   a - Confusing Touch                Hexes                        1
   b - Confuse                        Hexes                        3
   c - Gell's Gravitas                Translocation                3
   d - Petrify                        Transmutation/Earth          4
   e - Metabolic Englaciation         Hexes/Ice                    5
   f - Yara's Violent Unravelling     Hexes/Transmutation          5
Comestibles
 b - 9 rations


   Skills:
 - Level 2.0 Dodging
 - Level 2.6 Stealth
 - Level 2.0 Spellcasting
 + Level 9.1 Conjurations
 - Level 5.8 Charms
 - Level 5.3 Ice Magic


You had 2 spell levels left.
You knew the following spells:

 Your Spells              Type           Power        Failure   Level  Hunger
a - Freeze                Ice            ####         1%          1    #......
b - Ozocubu's Armour      Chrm/Ice       #####...     4%          3    ###....
c - Throw Frost           Conj/Ice       #####.       1%          2    ##.....
d - Throw Icicle          Conj/Ice       #####...     8%          4    #####..


Dungeon Overview and Level Annotations

Branches:
Dungeon (6/15)             Temple (1/1) D:5

Altars:
Ashenzari
Cheibriados
Elyvilon
Fedhas
Hepliaklqana
Makhleb
Nemelex Xobeh
Okawaru
Qazlal
Ru
Trog
Uskayaw
Vehumet
Wu Jian
Xom
Yredelemnul
The Shining One

Shops:
D:6 ?


Innate Abilities, Weirdness & Mutations

You cannot wear most types of armour.
You are very stealthy in the water. (Stealth+)
You are amphibious.
You can wear up to eight rings at the same time.
You can use your tentacles to constrict eight enemies at once.
Your skin changes colour to match your surroundings (Stealth+).
Your rubbery body absorbs attacks. (AC +1, EV +1)


Message History

A wyvern skeleton comes into view.
A wyvern skeleton is nearby!
The wyvern skeleton bites you! The wyvern skeleton bites you.
You hit the wyvern skeleton. You squeeze the wyvern skeleton.
The wyvern skeleton is moderately damaged.
The wyvern skeleton barely misses you.
You hit the wyvern skeleton.
The wyvern skeleton is moderately damaged.
The wyvern skeleton barely misses you. The wyvern skeleton closely misses you.
You hit the wyvern skeleton.
The wyvern skeleton is heavily damaged.
The wyvern skeleton bites you!
You hit the wyvern skeleton.
The wyvern skeleton is severely damaged.
The wyvern skeleton bites you!
* * * LOW HITPOINT WARNING * * *
You hit the wyvern skeleton.
The wyvern skeleton is severely damaged.
The wyvern skeleton bites you!
You die...

.............###########.##.
#.#........#....... ....#
#####.#.##...####.#....
##### ......#. #...# #.#.###
.###### #.######.# # .#
#......#.# .#####..........
.. .......#.#.#..#Z######
.#.###..........@....####.##
..(.# .#.#.#.##............#
.#.## ..... #..###.####.#
...###.#.#. #..# #.#
.......... ....# #.# #
....#...# ..##.# #.# ..
......##########.###.##
###..
.................##...#
#....
........>.........#.#.#
#.##.


You could see a wyvern skeleton.

Vanquished Creatures
  The ghost of Jaiteiro the Slinger, a novice HaFi of Okawaru (D:6)
  A deep elf mage (D:6)
  Menkaure (D:6)
  An ogre (D:4)
  A centaur (D:5)
  A scorpion (D:6)
  A water moccasin zombie (D:6)
  A crimson imp (D:6)
  2 hounds (D:4)
  An orc priest (D:5)
  A jelly (D:6)
  3 orc wizards
  5 iguanas
  4 worker ants
  A worker ant zombie (D:5)
  A howler monkey zombie (D:5)
  3 gnolls
  4 adders
  2 shadow imps
  4 oozes
  3 worms
  2 dart slugs
  3 leopard geckos
  11 orcs
  3 ball pythons
  4 bats
  3 giant cockroaches
  11 goblins
  4 hobgoblins
  3 jackals (D:2)
  15 kobolds
  6 quokkas
  8 frilled lizards
  6 rats
121 creatures vanquished.

Notes
Turn   | Place    | Note
-------+----------+-------------------------------------------
     0 | D:1      | inc the Octopode Ice Elementalist began the quest for the Orb.
     0 | D:1      | Reached XP level 1. HP: 11/11 MP: 3/3
   121 | D:1      | Reached XP level 2. HP: 17/17 MP: 0/5
   578 | D:1      | Reached XP level 3. HP: 14/21 MP: 6/6
  1405 | D:2      | Reached XP level 4. HP: 19/27 MP: 7/7
  1670 | D:2      | Found a sacrificial altar of Ru.
  1901 | D:2      | Reached skill level 5 in Ice Magic
  2417 | D:3      | Learned a level 3 spell: Ozocubu's Armour
  2549 | D:3      | Found an iron altar of Okawaru.
  2883 | D:4      | Reached skill level 1 in Charms
  2899 | D:4      | Found a radiant altar of Vehumet.
  2899 | D:4      | Found a basalt altar of Yredelemnul.
  2914 | D:4      | Reached XP level 5. HP: 23/31 MP: 0/8
  2975 | D:4      | HP: 2/46 [poisoned by a worker ant]
  3345 | D:4      | Reached XP level 6. HP: 28/36 MP: 2/9
  3992 | D:4      | Found a bloodstained altar of Trog.
  4019 | D:4      | Found a snail-covered altar of Cheibriados.
  4156 | D:5      | Entered Level 5 of the Dungeon
  4182 | D:5      | Found a staircase to the Ecumenical Temple.
  4294 | D:5      | Reached skill level 5 in Charms
  4327 | Temple   | Entered the Ecumenical Temple
  4463 | D:4      | Reached XP level 7. HP: 41/41 MP: 1/10
  4500 | D:4      | Became a worshipper of Vehumet
  4828 | D:4      | Learned a level 2 spell: Throw Frost
  4833 | D:4      | Learned a level 4 spell: Throw Icicle
  5391 | D:5      | Reached skill level 2 in Conjurations
  5951 | D:6      | Noticed Jaiteiro's ghost (novice HaFi)
  5986 | D:6      | Killed Jaiteiro's ghost
  5986 | D:6      | Reached skill level 6 in Conjurations
  5986 | D:6      | Reached XP level 8. HP: 39/46 MP: 11/11
  6147 | D:6      | Found Daejysatz's Magic Scroll Emporium.
  6153 | D:6      | Bought a scroll of enchant weapon for 112 gold pieces
  6160 | D:6      | Found an ornate altar of the Wu Jian Council.
  6267 | D:6      | Reached skill level 7 in Conjurations
  6303 | D:6      | Noticed a deep elf mage
  6310 | D:6      | Killed a deep elf mage
  6310 | D:6      | Reached skill level 8 in Conjurations
  6310 | D:6      | Reached XP level 9. HP: 25/51 MP: 5/12
  6528 | D:6      | Noticed Menkaure
  6538 | D:6      | Killed Menkaure
  6780 | D:6      | Reached skill level 9 in Conjurations
  6855 | D:6      | Bought a scroll of identify for 30 gold pieces
  6857 | D:6      | Bought a scroll of identify for 30 gold pieces
  6857 | D:6      | Bought a scroll of identify for 30 gold pieces
  6857 | D:6      | Bought a scroll of identify for 30 gold pieces
  6876 | D:6      | Slain by a wyvern skeleton

Skill      XL: |  1  2  3  4  5  6  7  8  9 |
---------------+----------------------------+-----
Ice Magic      | 4 5 |  5.3
Charms         | 1 3 5 |  5.8
Conjurations   | 6 8 9 |  9.1
Dodging        | |  2.0
Stealth        | |  2.6
Spellcasting   | |  2.0

Action                   |  1- 3 |  4- 6 |  7- 9 || total
-------------------------+-------+-------+-------++-------
Melee: Constrict         |    20 |    14 |    21 ||    55
       Short sword       |    49 |       |    29 ||    78
       Tentacles         |    10 |    10 |    22 ||    42
       Unarmed           |     1 |       |       ||     1
       Spear             |    22 |   109 |   106 ||   237
 Cast: Freeze            |    13 |    30 |    12 ||    55
       Ozocubu's Armour  |       |     7 |     8 ||    15
       Throw Frost       |       |       |     6 ||     6
  Use: Potion            |       |     7 |     1 ||     8
       Scroll            |       |     3 |     8 ||    11
 Stab: Sleeping          |    11 |    15 |     5 ||    31
       Invisible         |       |     1 |       ||     1
  Eat: Chunk             |     2 |     7 |     9 ||    18
       Ration            |       |     1 |       ||     1
Armor: Skin              |    12 |    14 |    33 ||    59
Dodge: Dodged            |    69 |    63 |    93 ||   225
